3R
FRANKLIN FIRE @ GERMANTOWN URUGUAYANS
09/01/2042
 
TOP OF THE 1ST
Franklin Fire batting - Pitching for Germantown Uruguayans : RHP Rob Nichols
Pitching: RHP Rob Nichols
Batting: LHB Will Blalock 0-0: Fly out, F8 (Flyball, 8LD, EV 96.9 MPH)
Batting: RHB He-ping Bu 0-0: Called Strike
0-1: Ball
1-1: Swinging Strike
1-2: DOUBLE (Flyball, 8RXD, EV 97.5 MPH)
Batting: SHB Ji-hoon Ku 0-0: Swinging Strike
0-1: Swinging Strike
0-2: Strikes out looking
Batting: RHB Takeichi Hashimoto 0-0: Swinging Strike
0-1: Called Strike
0-2: Ball
1-2: Ball
2-2: Foul Ball, location: 2F
2-2: Ball
3-2: Ground out 6-3 (Groundball, 6, EV 83.8 MPH)
Top of the 1st over - 0 runs, 1 hit, 0 errors, 1 left on base; Franklin 0 - Germantown 0
BOTTOM OF THE 1ST
Germantown Uruguayans batting - Pitching for Franklin Fire : RHP Adrian Madrid
Pitching: RHP Adrian Madrid
Batting: RHB Halewijn Kraan 0-0: Ball
1-0: Foul Ball, location: 2F
1-1: Called Strike
1-2: Ball
2-2: Strikes out looking
Batting: RHB Kaaleppi Möttölä 0-0: Foul Ball, location: 2F
0-1: Swinging Strike
0-2: Ball
1-2: Ball
2-2: Ball
3-2: Base on Balls
Batting: SHB Teddy York 0-0: Grounds into double play, 6-4-3 (Groundball, 6, EV 82.5 MPH)
Bottom of the 1st over - 0 runs, 0 hits, 0 errors, 0 left on base; Franklin 0 - Germantown 0
TOP OF THE 2ND
Franklin Fire batting - Pitching for Germantown Uruguayans : RHP Rob Nichols
Batting: RHB Steve Roberts 0-0: Ball
1-0: Ball
2-0: Foul Ball, location: 2F
2-1: Foul Ball, location: 2F
2-2: Strikes out swinging
Batting: LHB John Campbell 0-0: Ball
1-0: Swinging Strike
1-1: Ball
2-1: Called Strike
2-2: Strikes out swinging
Batting: SHB Ivar Kooiman 0-0: Ball
1-0: Called Strike
1-1: Foul Ball, location: 2F
1-2: Ground out 1-3 (Groundball, 13, EV 70.6 MPH)
Top of the 2nd over - 0 runs, 0 hits, 0 errors, 0 left on base; Franklin 0 - Germantown 0
BOTTOM OF THE 2ND
Germantown Uruguayans batting - Pitching for Franklin Fire : RHP Adrian Madrid
Batting: RHB Pepe Rodríguez 0-0: Foul Ball, location: 2F
0-1: Ball
1-1: Ball
2-1: Called Strike
2-2: Ball
3-2: Fly out, F7 (Flyball, 7S, EV 87.5 MPH)
Batting: LHB Bill Ware 0-0: Called Strike
0-1: DOUBLE (Line Drive, 9LM, EV 96.2 MPH)
Batting: RHB Karnamukha Thirunavu 0-0: Ball
1-0: Ball
2-0: Foul Ball, location: 2F
2-1: Called Strike
2-2: Strikes out swinging
Batting: RHB Job Wooddisse 0-0: Called Strike
0-1: Foul Ball, location: 2F
0-2: Fly out, F8 (Line Drive, 8RD, EV 98.1 MPH)
Bottom of the 2nd over - 0 runs, 1 hit, 0 errors, 1 left on base; Franklin 0 - Germantown 0
TOP OF THE 3RD
Franklin Fire batting - Pitching for Germantown Uruguayans : RHP Rob Nichols
Batting: RHB Daniel Black 0-0: Called Strike
0-1: Ball
1-1: Ball
2-1: Foul Ball, location: 2F
2-2: Strikes out swinging
Batting: RHB Justin Cook 0-0: SINGLE (Groundball, 6D, EV 98.8 MPH)
Batting: LHB Will Blalock 0-0: Called Strike
0-1: Called Strike
0-2: Foul Ball, location: 2F
0-2: Foul Ball, location: 2F
0-2: Foul Ball, location: 2F
0-2: Ball
1-2: Ball
2-2: Fly out, F5 (Popup, 5, EV 73.1 MPH)
Batting: RHB He-ping Bu 0-0: Ball
1-0: Ball
2-0: Called Strike
2-1: Fly out, F3 (Popup, 23F, EV 93.8 MPH)
Top of the 3rd over - 0 runs, 1 hit, 0 errors, 1 left on base; Franklin 0 - Germantown 0
BOTTOM OF THE 3RD
Germantown Uruguayans batting - Pitching for Franklin Fire : RHP Adrian Madrid
Batting: RHB Santiago Harmon 0-0: Foul Ball, location: 2F
0-1: Ball
1-1: SINGLE (Groundball, 34D, EV 95.6 MPH)
Batting: LHB Pedro Ortíz 0-0: Foul Ball, location: 2F
0-1: Ball
Wild Pitch!
Santiago Harmon to second
1-1: Ball
2-1: Foul Ball, location: 2F
2-2: Ball
3-2: Fly out, F7 (Flyball, 78M, EV 77.5 MPH)
Batting: RHB Halewijn Kraan 0-0: Called Strike
0-1: Ball
1-1: Called Strike
1-2: Strikes out swinging
Batting: RHB Kaaleppi Möttölä 0-0: Ball
1-0: Swinging Strike
1-1: Foul Ball, location: 2F
1-2: Ball
2-2: SINGLE (Groundball, 25, EV 76.2 MPH) (infield hit)
Santiago Harmon to third
Batting: SHB Teddy York 0-0: Called Strike
0-1: Foul Ball, location: 2F
0-2: Ball
1-2: Fly out, F7 (Flyball, 78S, EV 94.4 MPH)
Bottom of the 3rd over - 0 runs, 2 hits, 0 errors, 2 left on base; Franklin 0 - Germantown 0
TOP OF THE 4TH
Franklin Fire batting - Pitching for Germantown Uruguayans : RHP Rob Nichols
Batting: SHB Ji-hoon Ku 0-0: Ground out 6-3 (Groundball, 6MS, EV 88.8 MPH)
Batting: RHB Takeichi Hashimoto 0-0: Foul Ball, location: 2F
0-1: Swinging Strike
0-2: Ball
1-2: Strikes out swinging
Batting: RHB Steve Roberts 0-0: Called Strike
0-1: Swinging Strike
0-2: Ground out 1-3 (Groundball, 15, EV 81.2 MPH)
Top of the 4th over - 0 runs, 0 hits, 0 errors, 0 left on base; Franklin 0 - Germantown 0
BOTTOM OF THE 4TH
Germantown Uruguayans batting - Pitching for Franklin Fire : RHP Adrian Madrid
Batting: RHB Pepe Rodríguez 0-0: Ball
1-0: Called Strike
1-1: Ball
2-1: Ground out 5-3 (Groundball, 56, EV 85.0 MPH)
Batting: LHB Bill Ware 0-0: Swinging Strike
0-1: Swinging Strike
0-2: Ball
1-2: Ground out 6-3 (Groundball, 6, EV 83.1 MPH)
Batting: RHB Karnamukha Thirunavu 0-0: Called Strike
0-1: Ball
1-1: Foul Ball, location: 2F
1-2: Ground out 6-3 (Groundball, 6, EV 84.4 MPH)
Bottom of the 4th over - 0 runs, 0 hits, 0 errors, 0 left on base; Franklin 0 - Germantown 0
TOP OF THE 5TH
Franklin Fire batting - Pitching for Germantown Uruguayans : RHP Rob Nichols
Batting: LHB John Campbell 0-0: Called Strike
0-1: Ground out 6-3 (Groundball, 6, EV 83.8 MPH)
Batting: SHB Ivar Kooiman 0-0: Called Strike
0-1: SINGLE (Line Drive, 4D, EV 96.2 MPH)
Batting: RHB Daniel Black 0-0: Ball
1-0: Ball
2-0: SINGLE (Line Drive, 89S, EV 104.4 MPH)
Ivar Kooiman to second
Batting: RHB Justin Cook 0-0: Fly out, F9 (Flyball, 9LSF, EV 96.2 MPH)
Batting: LHB Will Blalock 0-0: Ball
1-0: Ball
2-0: Ball
3-0: Foul Ball, location: 2F
3-1: Base on Balls
Ivar Kooiman to third
Daniel Black to second
Batting: RHB He-ping Bu 0-0: Called Strike
0-1: Foul Ball, location: 2F
0-2: DOUBLE (Groundball, 5L, EV 105.6 MPH)
Ivar Kooiman scores
Daniel Black scores
Will Blalock to third
Runner from 3rd tries for Home, SAFE, no throw by LF
Batting: SHB Ji-hoon Ku 0-0: Ball
1-0: Ball
2-0: Called Strike
2-1: Foul Ball, location: 2F
2-2: Foul Ball, location: 2F
2-2: Foul Ball, location: 2F
2-2: Ball
3-2: Ground out 4-3 (Groundball, 4, EV 101.9 MPH)
Top of the 5th over - 3 runs, 3 hits, 0 errors, 1 left on base; Franklin 3 - Germantown 0
BOTTOM OF THE 5TH
Germantown Uruguayans batting - Pitching for Franklin Fire : RHP Adrian Madrid
Batting: RHB Job Wooddisse 0-0: Swinging Strike
0-1: Ball
1-1: Foul Ball, location: 2F
1-2: Ball
2-2: Foul Ball, location: 2F
2-2: Strikes out swinging
Batting: RHB Santiago Harmon 0-0: Ball
1-0: Swinging Strike
1-1: Swinging Strike
1-2: Strikes out swinging
Batting: LHB Pedro Ortíz 0-0: Swinging Strike
0-1: Fly out, F9 (Flyball, 89D, EV 82.5 MPH)
Bottom of the 5th over - 0 runs, 0 hits, 0 errors, 0 left on base; Franklin 3 - Germantown 0
TOP OF THE 6TH
Franklin Fire batting - Pitching for Germantown Uruguayans : RHP Rob Nichols
Batting: RHB Takeichi Hashimoto 0-0: Foul Ball, location: 2F
0-1: Ball
1-1: Ball
2-1: Ball
3-1: Fly out, F2 (Popup, 23F, EV 88.1 MPH)
Batting: RHB Steve Roberts 0-0: Ball
1-0: Called Strike
1-1: Ball
2-1: Swinging Strike
2-2: Strikes out swinging
Batting: LHB John Campbell 0-0: Called Strike
0-1: Called Strike
0-2: Strikes out swinging
Top of the 6th over - 0 runs, 0 hits, 0 errors, 0 left on base; Franklin 3 - Germantown 0
BOTTOM OF THE 6TH
Germantown Uruguayans batting - Pitching for Franklin Fire : RHP Adrian Madrid
Batting: RHB Halewijn Kraan 0-0: Ball
1-0: Called Strike
1-1: Called Strike
1-2: Ground out 3-1 (Groundball, 34, EV 108.1 MPH)
Batting: RHB Kaaleppi Möttölä 0-0: Ground out 5-3 (Groundball, 56, EV 105.6 MPH)
Batting: SHB Teddy York 0-0: Ball
1-0: Ball
2-0: Foul Ball, location: 2F
2-1: Ground out 2-3 (Groundball, 15S, EV 65.6 MPH)
Bottom of the 6th over - 0 runs, 0 hits, 0 errors, 0 left on base; Franklin 3 - Germantown 0
TOP OF THE 7TH
Franklin Fire batting - Pitching for Germantown Uruguayans : RHP Rob Nichols
Batting: SHB Ivar Kooiman 0-0: Ball
1-0: Swinging Strike
1-1: Ground out 6-3 (Groundball, 6, EV 88.8 MPH)
Batting: RHB Daniel Black 0-0: Ball
1-0: Foul Ball, location: 2F
1-1: Foul Ball, location: 2F
1-2: Ball
2-2: Strikes out swinging
Batting: RHB Justin Cook 0-0: Ball
1-0: Ground out 5-3 (Groundball, 56, EV 85.0 MPH)
Top of the 7th over - 0 runs, 0 hits, 0 errors, 0 left on base; Franklin 3 - Germantown 0
BOTTOM OF THE 7TH
Germantown Uruguayans batting - Pitching for Franklin Fire : RHP Adrian Madrid
Batting: RHB Pepe Rodríguez 0-0: Ball
1-0: Called Strike
1-1: SINGLE (Line Drive, 7S, EV 101.9 MPH)
Batting: LHB Bill Ware 0-0: Called Strike
0-1: Grounds into double play, 4-6-3 (Groundball, 4, EV 80.6 MPH)
Batting: RHB Karnamukha Thirunavu 0-0: Foul Ball, location: 2F
0-1: Ball
1-1: Ball
2-1: Fly out, F6 (Line Drive, 6, EV 66.9 MPH)
Bottom of the 7th over - 0 runs, 1 hit, 0 errors, 0 left on base; Franklin 3 - Germantown 0
TOP OF THE 8TH
Franklin Fire batting - Pitching for Germantown Uruguayans : RHP Rob Nichols
Batting: LHB Will Blalock 0-0: Called Strike
0-1: Ground out 4-3 (Groundball, 4, EV 81.9 MPH)
Batting: RHB He-ping Bu 0-0: Swinging Strike
0-1: Swinging Strike
0-2: Ball
1-2: Ball
2-2: Ground out 1-3 (Groundball, 13, EV 81.9 MPH)
Batting: SHB Ji-hoon Ku 0-0: Ground out 4-3 (Groundball, 4, EV 87.5 MPH)
Top of the 8th over - 0 runs, 0 hits, 0 errors, 0 left on base; Franklin 3 - Germantown 0
BOTTOM OF THE 8TH
Germantown Uruguayans batting - Pitching for Franklin Fire : RHP Adrian Madrid
Batting: RHB Job Wooddisse 0-0: Ball
1-0: Ball
2-0: Ball
3-0: Called Strike
3-1: Foul Ball, location: 2F
3-2: Fly out, F8 (Flyball, 89XD, EV 78.1 MPH)
Batting: RHB Santiago Harmon 0-0: Called Strike
0-1: Fly out, F7 (Line Drive, 7, EV 92.5 MPH)
Batting: LHB Pedro Ortíz 0-0: Called Strike
0-1: Foul Ball, location: 2F
0-2: Ball
1-2: Ground out 6-3 (Groundball, 6, EV 79.4 MPH)
Bottom of the 8th over - 0 runs, 0 hits, 0 errors, 0 left on base; Franklin 3 - Germantown 0
TOP OF THE 9TH
Franklin Fire batting - Pitching for Germantown Uruguayans : RHP Rob Nichols
Batting: RHB Takeichi Hashimoto 0-0: Called Strike
0-1: Foul Ball, location: 2F
0-2: Ball
1-2: Ball
2-2: Ball
3-2: Foul Ball, location: 2F
3-2: SINGLE (Line Drive, 89S, EV 95.0 MPH)
Pitching: LHP Juan Herrera
Batting: RHB Steve Roberts 0-0: Foul Ball, location: 2F
0-1: Ball
1-1: Ball
Passed Ball!
Takeichi Hashimoto to second
2-1: Intentional Walk
Batting: LHB John Campbell 0-0: Bunt - Flyout to 25! F5
Batting: SHB Ivar Kooiman 0-0: Called Strike
0-1: Swinging Strike
0-2: Fly out, F9 (Flyball, 89M, EV 95.6 MPH)
Batting: RHB Daniel Black 0-0: Ball
1-0: Foul Ball, location: 2F
1-1: Ball
2-1: Called Strike
2-2: Strikes out swinging
Top of the 9th over - 0 runs, 1 hit, 0 errors, 2 left on base; Franklin 3 - Germantown 0
BOTTOM OF THE 9TH
Germantown Uruguayans batting - Pitching for Franklin Fire : RHP Adrian Madrid
Pitching: RHP Fepiku Alewina
Batting: RHB Halewijn Kraan 0-0: DOUBLE (Groundball, 5L, EV 113.8 MPH)
Batting: RHB Kaaleppi Möttölä 0-0: Ball
1-0: Foul Ball, location: 2F
1-1: Foul Ball, location: 2F
1-2: 2-RUN HOME RUN (Flyball, 9LD, EV 96.2 MPH), Distance : 336 ft
Batting: SHB Teddy York 0-0: SOLO HOME RUN (Flyball, 89XD, EV 97.5 MPH), Distance : 394 ft
Batting: RHB Pepe Rodríguez 0-0: Called Strike
0-1: Hit by Pitch
Batting: LHB Bill Ware 0-0: Foul Ball, location: 2F
0-1: Ball
1-1: Called Strike
1-2: Ball
2-2: Foul Ball, location: 2F
2-2: Strikes out looking
Batting: RHB Karnamukha Thirunavu 0-0: Called Strike
0-1: Ball
Pepe Rodríguez is caught stealing 2nd base 2-4
1-1: Swinging Strike
1-2: Ball
2-2: Foul Ball, location: 2F
2-2: Foul Ball, location: 2F
2-2: SINGLE (Groundball, 56D, EV 105.0 MPH)
Batting: RHB Job Wooddisse 0-0: Called Strike
0-1: Swinging Strike
0-2: Ball
1-2: Foul Ball, location: 2F
1-2: Ball
2-2: Strikes out swinging
Bottom of the 9th over - 3 runs, 4 hits, 0 errors, 1 left on base; Franklin 3 - Germantown 3
TOP OF THE 10TH
Franklin Fire batting - Pitching for Germantown Uruguayans : LHP Juan Herrera
Pitching: LHP Ron Lloyd
Batting: RHB Justin Cook 0-0: Fly out, F9 (Flyball, 89D, EV 88.8 MPH)
Pinch Hitting: RHB Kenny Benson 0-0: Ball
1-0: Called Strike
1-1: SOLO HOME RUN (Flyball, 7D, EV 97.5 MPH), Distance : 376 ft
Batting: RHB He-ping Bu 0-0: Called Strike
0-1: Swinging Strike
0-2: Strikes out swinging
Batting: SHB Ji-hoon Ku 0-0: Ball
1-0: Ball
2-0: SINGLE (Flyball, 7LS, EV 89.4 MPH)
Batting: RHB Takeichi Hashimoto 0-0: Ball
1-0: Ball
2-0: Called Strike
2-1: Called Strike
2-2: Strikes out swinging
Top of the 10th over - 1 run, 2 hits, 0 errors, 1 left on base; Franklin 4 - Germantown 3
BOTTOM OF THE 10TH
Germantown Uruguayans batting - Pitching for Franklin Fire : RHP Fepiku Alewina
Pitching: RHP Rafael Arroyo
Now in CF: Wu-ji Shang
Batting: RHB Santiago Harmon 0-0: Called Strike
0-1: Swinging Strike
0-2: SINGLE (Groundball, 13S, EV 69.4 MPH) (infield hit)
Pinch Hitting: RHB Bryce Farris 0-0: Bunted foul
0-1: Sac Bunt to P - play at first, batter OUT! 1-4
Santiago Harmon to second
Batting: RHB Halewijn Kraan 0-0: Swinging Strike
0-1: Ball
1-1: Ball
2-1: Ball
3-1: Base on Balls
Batting: RHB Kaaleppi Möttölä 0-0: Called Strike
0-1: Foul Ball, location: 2F
0-2: Foul Ball, location: 2F
0-2: DOUBLE (Line Drive, 78D, EV 112.5 MPH)
Santiago Harmon scores
Halewijn Kraan to third
Batting: SHB Teddy York 0-0: Called Strike
0-1: Ball
1-1: Foul Ball, location: 2F
1-2: SINGLE (Line Drive, 56D, EV 94.4 MPH)
Halewijn Kraan scores
Friday, March 26th, 2021 - OOTP Baseball 20.8 Build 74